 Dungeon Crawl Stone Soup version 0.32-a0-673-g3729bd50f8 (webtiles) character file.

Game seed: 14717517666062569227

1135 shadizar the Geomancer (level 8, 0/48 HPs)
             Began as a Gargoyle Earth Elementalist on Mar 10, 2024.
             Slain by an ogre
             ... wielding a +0 giant club
              (26 damage)
             ... on level 5 of the Dungeon.
             The game lasted 00:07:10 (5047 turns).

shadizar the Geomancer (GrEE)                       Turns: 5047, Time: 00:07:11

Health: 0/48       AC: 10    Str: 12    XL:     8   Next: 36%
Magic:  10/14      EV: 11    Int: 18    God:
Gold:   235        SH:  4    Dex: 10    Spells: 11/15 levels left

rFire   . . .        B - +1 spear (flame)
rCold   . . .        C - +0 buckler
rNeg    + . .        e - +0 leather armour
rPois   ∞            s - +0 helmet
rElec   +            (no cloak)
rCorr   .            (no gloves)
SInv    .            (no boots)
Will    .....        (no amulet)
Stlth   ++           (no ring)
HPRegen 0.28/turn    (no ring)
MPRegen 0.14/turn

%: no passive effects
@: no status effects
A: sickness immunity, AC +5, negative energy resistance 1, electricity
resistance, torment resistance 1, petrification resistance
a: no special abilities


You were on level 5 of the Dungeon.
You visited 1 branch of the dungeon, and saw 5 of its levels.

You collected 235 gold pieces.

Inventory:

Hand Weapons
 B - a +1 spear of flaming (weapon)
Armour
 a - a +0 robe
 e - a +0 leather armour (worn)
 s - a +0 helmet (worn)
 C - a +0 buckler (worn)
Jewellery
 v - the ring "Totriut" {Fly rElec rC++ rCorr MP-9}
   (You found it on level 4 of the Dungeon)

   [ring of flight]

   rC++:      It greatly protects you from cold.
   rElec:     It insulates you from electricity.
   MP-9:      It affects your magic capacity (-9).
   Fly:       It grants you flight.
   rCorr:     It protects you from acid and corrosion.
 x - an amulet of guardian spirit
Wands
 q - a wand of polymorph (10)
Scrolls
 f - a scroll of blinking {unknown}
 g - a scroll of vulnerability {unknown}
 h - 7 scrolls of identify {unknown}
 i - a scroll of acquirement {unknown}
 j - a scroll of fear {unknown}
 l - a scroll of brand weapon {unknown}
 n - 2 scrolls of fog {unknown}
 o - 2 scrolls of enchant armour {unknown}
 r - a scroll of torment {unknown}
 y - a scroll of teleportation {unknown}
Potions
 b - a potion of magic
 c - 3 potions of might {unknown}
 d - 3 potions of curing {unknown}
 k - a potion of attraction {unknown}
 m - 4 potions of brilliance {unknown}
 p - a potion of invisibility {unknown}
 t - 2 potions of mutation {unknown}
 u - a potion of enlightenment {unknown}
 w - a potion of lignification {unknown}
 z - a potion of haste {unknown}
 A - a potion of resistance {unknown}


   Skills:
 + Level 3.7 Fighting
 + Level 3.7 Armour
 - Level 1.5 Dodging
 - Level 2.1 Stealth
 + Level 2.9 Shields
 + Level 4.4 Spellcasting
 - Level 1.8 Conjurations
 - Level 8.0 Earth Magic


You had 11 spell levels left.
You knew the following spells:

 Your Spells              Type           Power      Damage    Failure   Level
a - Sandblast             Erth           64%        2d14      1%          1
b - Stone Arrow           Conj/Erth      42%        3d9       10%         3

Your spell library contained the following spells:

 Spells                   Type           Power      Damage    Failure   Level
 Passwall                 Erth           32%        N/A       2%          3
 Sting                    Conj/Alch      28%        1d4       17%         1
 Apportation              Tloc           8%         N/A       26%         1
 Necrotise                Necr           16%        1d4       26%         1
 Summon Small Mammal      Summ           16%        N/A       26%         1
 Brom's Barrelling Bould  Conj/Erth      21%        2d4       32%         4
 Jinxbite                 Hex            8%         N/A       36%         2
 Petrify                  Alch/Erth      18%        N/A       43%         4
 Irradiate                Conj/Alch      3%         3d12      99%         5
 Alistair's Intoxication  Alch           2%         N/A       100%        5
 Sublimation of Blood     Necr           Unusable   N/A       N/A         2

Dungeon Overview and Level Annotations

Branches:
Dungeon (5/15)
 Temple: D:4-7

Altars:
Dithmenos
Fedhas
Kikubaaqudgha
Ru


Innate Abilities, Weirdness & Mutations

You are immune to sickness and miasma.
Your stone body is resilient. (AC +5)
You are immune to poison.
You resist negative energy. (rN+)
You are resistant to electric shocks. (rElec)
You are resistant to unholy torment.
You are immune to petrification.


Message History

You can't see any susceptible monsters within range! (Use Z to cast anyway.)
An adder comes into view.
Found a scroll labelled APPIYSM ESOL.
An adder is nearby!
You can't see any susceptible monsters within range! (Use Z to cast anyway.)
You can't see any susceptible monsters within range! (Use Z to cast anyway.)
You can't see any susceptible monsters within range! (Use Z to cast anyway.)
The adder hisses angrily.
The blast of sand hits the adder!
You kill the adder!
You can't see any susceptible monsters within range! (Use Z to cast anyway.)
o - 2 scrolls labelled APPIYSM ESOL (gained 1)
Found a shadowy altar of Dithmenos.
Found a stone staircase leading down.
Found a long sword and 6 stones.
Found a stone staircase leading down.
You now have 226 gold pieces (gained 18).
n - 2 scrolls labelled PUNETE XUUK (gained 1)
You now have 235 gold pieces (gained 9).
A bombardier beetle comes into view.
The blast of sand hits the bombardier beetle!!
You kill the bombardier beetle!
You can't see any susceptible monsters within range! (Use Z to cast anyway.)
You see here a bombardier beetle corpse.
You open the door.
An ogre comes into view. It is wielding a +0 giant club.
The ogre shouts!
An ogre is nearby!
The blast of sand misses the ogre.
The ogre hits you with a +0 giant club!
The blast of sand hits the ogre!
The ogre is moderately wounded.
You block the ogre's attack.
The blast of sand hits the ogre.
The ogre is heavily wounded.
The ogre hits you with a +0 giant club!
The blast of sand hits the ogre.
The ogre is heavily wounded.
The ogre hits you with a +0 giant club!!
Ouch! That really hurt!
You die...

.....# #.# ##...#............####
.....###.###...†.............##..
######.#.......###...........÷..#
..............## ##........<.....
..............# #..............
.<..........### ###.......>.#..
...........## #+#..##.#.)..#####
...........# +.O...#.......####
...........## ##@## ##..####.....
............###.#.###...# #####.
#...............#.......# ##
##.............###..##.##
######)................#
#....[.....#####....##.#
#..........# #######.#
#..........# #.# ######
#..........# #.# ###.....


You could see an ogre.

Vanquished Creatures
  A water moccasin (D:5)
  An ogre (D:5)
  A phantom (D:5)
  2 scorpions
  A gnoll sergeant (D:5)
  A jelly (D:4)
  2 bombardier beetles (D:5)
  3 hounds
  An orc priest (D:5)
  4 iguanas
  A sleepcap (D:5)
  2 orc wizards
  10 gnolls
  9 adders
  A white imp (D:5)
  2 ufetubi (D:5)
  8 dart slugs
  A ribbon worm (D:2)
  7 orcs
  7 ball pythons
  6 bats (D:1)
  7 endoplasms
  A giant cockroach (D:1)
  10 hobgoblins
  10 jackals
  3 quokkas
  A frilled lizard (D:2)
  6 goblins
  8 kobolds
  7 rats
124 creatures vanquished.

Notes
Turn   | Place    | Note
-------+----------+-------------------------------------------
     0 | D:1      | shadizar the Gargoyle Earth Elementalist began the quest
                  | for the Orb.
     0 | D:1      | Reached XP level 1. HP: 10/10 MP: 3/3
   141 | D:1      | Reached XP level 2. HP: 15/15 MP: 3/5
   197 | D:1      | Reached skill level 4 in Earth Magic
   372 | D:1      | Reached XP level 3. HP: 19/19 MP: 3/6
   854 | D:1      | Reached XP level 4. HP: 24/24 MP: 5/8
  1270 | D:2      | Reached skill level 5 in Earth Magic
  1449 | D:2      | Reached XP level 5. HP: 11/28 MP: 3/9
  2186 | D:3      | Reached skill level 6 in Earth Magic
  3126 | D:4      | Found an ancient bone altar of Kikubaaqudgha.
  3126 | D:4      | Found a sacrificial altar of Ru.
  3329 | D:4      | Identified the ring "Totriut" {Fly rElec rC++ rCorr MP-9}
  3354 | D:4      | Reached skill level 7 in Earth Magic
  3354 | D:4      | Reached XP level 6. HP: 32/32 MP: 6/10
  3448 | D:4      | Learned a level 3 spell: Stone Arrow
  3750 | D:5      | Entered Level 5 of the Dungeon
  3817 | D:4      | Reached skill level 1 in Fighting
  3817 | D:4      | Reached skill level 1 in Armour
  4159 | D:5      | Reached XP level 7. HP: 38/38 MP: 8/11
  4303 | D:5      | Reached skill level 8 in Earth Magic
  4413 | D:5      | Reached skill level 1 in Shields
  4551 | D:5      | Reached XP level 8. HP: 46/46 MP: 10/14
  4700 | D:5      | Found a blossoming altar of Fedhas.
  4963 | D:5      | Found a shadowy altar of Dithmenos.
  5047 | D:5      | Slain by an ogre

Illustrated notes

Levels and vault maps discovered:
D:1:      psy_arrival_radial01, layout_loops_ring, dk_noncrumbling_4
D:2:      layout_rooms
D:3:      layout_loops_ring, serial_co_window_serial, co_window_paths_a,
          co_window_paths_b, co_window_paths_a, co_window_corner_a,
          co_window_paths_a, co_window_of_opportunity_a, co_window_cross_2,
          co_window_broadway_b, co_window_of_opportunity_c, co_window_corner_b,
          co_window_unsneaky_path_e, co_window_paths_d
D:4:      layout_rooms, gammafunk_temple_overflow_elements
D:5:      minmay_angry_zag, layout_rooms, nemelex_dance_club_becter,
          fedhas_altar_1, mainiacjoe_overflow_brackets, minmay_crystal_room

Skill      XL: |  1  2  3  4  5  6  7 |
---------------+----------------------+-----
Earth Magic    | 4 5 7 8 |  8.0
Spellcasting   | 3 4 |  4.4
Fighting       | 1 3 |  3.7
Armour         | 1 3 |  3.7
Shields        | 2 |  2.9
Dodging        | |  1.5
Stealth        | |  2.1
Conjurations   | |  1.8

Action                     |  1- 3 |  4- 6 |  7- 9 || total
---------------------------+-------+-------+-------++-------
  Melee: Unarmed           |    18 |       |       ||    18
   Cast: Sandblast         |    40 |   101 |    49 ||   190
         Stone Arrow       |       |       |     1 ||     1
 Armour: Robe              |    28 |    13 |       ||    41
         Leather armour    |       |    10 |    15 ||    25
  Dodge: Dodged            |    27 |    14 |    11 ||    52
  Block: Buckler           |       |       |     2 ||     2

Table legend: (Time is in decaauts)
 A = Elapsed time spent in this place.
 B = Non-inter-level travel time spent in this place.
 C = Inter-level travel time spent in this place.
 D = Time resting spent in this place.
 E = Time spent auto-exploring this place.
 F = Levels seen in this place.
 G = Mean time per level.
                   A        B        C        D        E       F      G
               +--------+--------+--------+--------+--------+-----+--------+
         Total |   5143 |   5005 |    138 |      0 |   4012 |   5 | 1028.6 |
       Dungeon |   5143 |   5005 |    138 |      0 |   4012 |   5 | 1028.6 |
               +--------+--------+--------+--------+--------+-----+--------+

Top non-repeatable levels by time:
     D:1: 1232 daAuts
     D:3: 1141 daAuts
     D:4: 1095 daAuts
     D:5: 917 daAuts
     D:2: 756 daAuts
